 Dungeon Sprint DCSS version 0.29-a0-72-g1732ff48e7 (webtiles) character file.

Game seed: 5614653208483778707

4 iguanaiguana the Skirmisher (level 1, 0/22 HPs)
             Began as a Hill Orc Fighter on Feb 4, 2022.
             Slain by an ogre (11 damage)
             ... in the Dungeon (Sprint IX: "|||||||||||||||||||||||||||||").
             The game lasted 00:00:17 (97 turns).

iguanaiguana the Skirmisher (Hill Orc Fighter)        Turns: 97, Time: 00:00:18

Health: 0/22       AC:  7    Str: 18    XL:     1   Next: 70%
Magic:  1/1        EV:  9    Int:  8    God:
Gold:   0          SH:  4    Dex: 10    Spells: 0/0 levels left

rFire   . . .      SeeInvis .   a - +0 war axe
rCold   . . .      Faith    .   c - +0 buckler
rNeg    . . .      Spirit   .   b - +0 scale mail
rPois   .          Reflect  .   (no helmet)
rElec   .          Harm     .   (no cloak)
rCorr   .          Rampage  .   (no gloves)
Will    .....      NoTele   +   (no boots)
Stlth   ..........              (no amulet)
HPRegen 0.07/turn               (no ring)
MPRegen 0.07/turn               (no ring)

@: mighty
A: no striking features
a: no special abilities


You were in the Dungeon.
You visited 1 branch

Inventory:

Hand Weapons
 a - a +0 war axe (weapon)
Armour
 b - a +0 scale mail (worn)
 c - a +0 buckler (worn)
Scrolls
 j - a scroll of blinking
Potions
 e - a potion of curing
 f - a potion of heal wounds
 g - a potion of haste
 h - 2 potions of magic
 i - a potion of berserk rage


   Skills:
 + Level 4.4 Fighting
 * Level 3.2 Axes
 + Level 3.9 Armour
 + Level 3.5 Shields


You couldn't memorise any spells.
You didn't know any spells.
Your spell library was empty.

Dungeon Overview and Level Annotations

Branches:
Dungeon (1/1)

Altars:


Message History

The endoplasm hits you but does no damage.
You hit the endoplasm.
You kill the endoplasm!
The ball python closely misses you. The ball python barely misses you.
Your Fighting skill increases to level 4!
You hit the ball python.
The ball python is severely wounded.
The ball python bites you but does no damage.
The ball python grabs you. The ball python constricts you.
You block the ball python's attack. The ball python constricts you.
You hit the ball python.
You kill the ball python!
You barely miss the kobold.
The kobold hits you but does no damage. x2
You closely miss the kobold.
The kobold hits you with a +0 short sword.
You closely miss the kobold. The kobold hits you but does no damage.
You barely miss the kobold.
The kobold hits you with a +0 short sword.
The kobold hits you but does no damage.
You slash the kobold!
You kill the kobold!
There is an open door to the Dungeon here.
Items here: ( ) ††.
You start resting.
HP restored.
You open the door.
A scorpion, a gnoll shaman, a quokka, an orc wizard and an ogre come into view.
The gnoll shaman shouts!
The orc wizard shouts!
The ogre shouts!
The orc wizard gestures wildly while chanting.
The orc wizard flickers and vanishes!
Deactivating autopickup; reactivate with Ctrl-A.
Sorry, you're not good enough to have a special ability.
You feel very mighty all of a sudden. The ogre hits you with a +0 giant club!
Ouch! That really hurt!
You slash the ogre!
The ogre is heavily wounded.
The ogre hits you with a +0 giant club!
Ouch! That really hurt!
You die... ▓▓▓▓▓▓▓▓▓▓▓▓▓▓▓▓▓▓ +s.gr.O@....)...<▓ ▓▓▓▓▓▓▓▓▓▓▓▓▓▓▓▓▓▓

You could see an ogre, a gnoll shaman, a scorpion and a quokka.

Vanquished Creatures
  An endoplasm (D)
  A hobgoblin (D)
  A ball python (D)
  A kobold (D)
  A rat (D)
5 creatures vanquished.

Notes
Turn   | Place    | Note
-------+----------+-------------------------------------------
     0 | D        | iguanaiguana the Hill Orc Fighter began the quest for the
                  | Orb.
     0 | D        | Reached XP level 1. HP: 19/19 MP: 1/1
    11 | D        | Reached skill level 4 in Fighting
    95 | D        | Noticed a scorpion
    95 | D        | Noticed a gnoll shaman
    95 | D        | Noticed an orc wizard
    95 | D        | Noticed an ogre
    97 | D        | Slain by an ogre

Illustrated notes

Levels and vault maps discovered:
D:        linesprint [early_d, line_temple, items_1, d_10, items_2, lair_1,
          lair_end, items_3, orc_1, orc_end, items_4, d_15, swamp_1, shoals_1,
          snake_1, spider_1, d_20, vaults_1, items_5, swamp_end, shoals_end,
          snake_end, spider_end, vaults_end, d_27, items_6, zot_1, zot_end,
          crypt_end, forest_end, elf_end, slime_end, tomb_end, abyss_end,
          pan_hell_end]

Skill      XL: |  1 |
---------------+----+-----
Axes           | 3 |  3.2
Fighting       | 4 |  4.4
Armour         | |  3.9
Shields        | |  3.5

Action                   || total
-------------------------++-------
Melee: War axe           ||    15
  Use: Potion            ||     1
Armor: Scale mail        ||     9
Dodge: Dodged            ||     3
Block: Buckler           ||     1

Table legend: (Time is in decaauts)
 A = Elapsed time spent in this place.
 B = Non-inter-level travel time spent in this place.
 C = Inter-level travel time spent in this place.
 D = Time resting spent in this place.
 E = Time spent auto-exploring this place.
 F = Levels seen in this place.
 G = Mean time per level.
                   A        B        C        D        E       F      G
               +--------+--------+--------+--------+--------+-----+--------+
         Total |    102 |    102 |      0 |     71 |      0 |   1 |  102.0 |
       Dungeon |    102 |    102 |      0 |     71 |      0 |   1 |  102.0 |
               +--------+--------+--------+--------+--------+-----+--------+

Top non-repeatable levels by time:
       D: 102 daAuts
